 Dungeon Crawl Stone Soup version 0.30-a0-424-g7412bad402 (webtiles) character file.

Game seed: 14904591677284139282

233 IdlyInterested the Trooper (level 5, 0/40 (43) HPs)
             Began as a Demonspawn Reaver on Dec 9, 2022.
             Slain by Grinder (2 damage)
             ... on level 4 of the Dungeon.
             The game lasted 00:10:17 (2570 turns).

IdlyInterested the Trooper (Demonspawn Reaver)      Turns: 2570, Time: 00:10:17

HP:   0/40 (43)     AC:  5    Str: 15    XL:     5   Next: 75%
MP:   8/8           EV: 11    Int: 14    God:
Gold: 88            SH:  0    Dex: 11    Spells: 7/8 levels left

rFire   . . .      SeeInvis .    q - +0 flail
rCold   . . .      Faith    .    (no shield)
rNeg    . . .      Spirit   .    b - +0 leather armour
rPois   .          Reflect  .    (helmet restricted)
rElec   .          Harm     .    (no cloak)
rCorr   .          Rampage  .    (no gloves)
Will    .....                    m - +1 pair of boots
Stlth   +.........               (no amulet)
HPRegen 0.26/turn                i - ring of flight
MPRegen 0.11/turn                (no ring)

@: mighty, brilliant, flying, drained
A: antennae 1, weakness stinger 1, demonic touch 2
a: no special abilities


You were on level 4 of the Dungeon.
You visited 1 branch of the dungeon, and saw 4 of its levels.

You collected 88 gold pieces.

Inventory:

Hand Weapons
 d - a +0 dagger
 o - a +0 trident
 q - a +0 flail (weapon)
Missiles
 r - 3 boomerangs
Armour
 b - a +0 leather armour (worn)
 c - a +0 plate armour
 m - a +1 pair of boots (worn)
Magical Staves
 k - a staff of poison
Jewellery
 i - a ring of flight (left hand)
Wands
 e - a wand of flame (38)
Scrolls
 h - 2 scrolls of enchant weapon {unknown}
 n - a scroll of identify
 u - 2 scrolls of immolation {unknown}
Potions
 f - a potion of resistance
 p - a potion of curing {unknown}
 s - a potion of invisibility


   Skills:
 + Level 4.4 Fighting
 - Level 3.0 Maces & Flails
 * Level 1.8 Throwing
 - Level 2.0 Dodging
 - Level 2.0 Spellcasting
 - Level 3.0 Conjurations
 - Level 3.0 Necromancy


You had 7 spell levels left.
You knew the following spells:

 Your Spells              Type           Power      Damage    Failure   Level
a - Kiss of Death         Conj/Necr      56%        2d9       9%          1

Your spell library contained the following spells:

 Spells                   Type           Power      Damage    Failure   Level
 Momentum Strike          Conj/Tloc      16%        3d8       24%         2
 Vampiric Draining        Necr           14%        2d7       26%         3
 Slow                     Hex            8%         N/A       28%         1
 Hailstorm                Conj/Ice       8%         3d4       43%         3
 Confusing Touch          Hex            2%         N/A       65%         3
 Kindle Blastsparks       Fire/Tloc/Air  4%         2d10      65%         3
 Ozocubu's Armour         Ice            2%         N/A       65%         3
 Fulminant Prism          Conj/Hex       4%         3d5       83%         4
 Iskenderun's Mystic Bla  Conj/Tloc      8%         2d4       83%         4
 Lee's Rapid Deconstruct  Erth           1%         3d4*      100%        5
 Metabolic Englaciation   Hex/Ice        1%         N/A       100%        5
 Simulacrum               Ice/Necr       4%         N/A       100%        6


Dungeon Overview and Level Annotations

Branches:
Dungeon (4/15)
 Temple: D:4-7

Altars:
Kikubaaqudgha

Annotations:
D:4 Grinder


Innate Abilities, Weirdness & Mutations

You have a pair of small antennae on your head.
You have a small tail.
Your touch may inflict irresistible damage on your foes.


Message History

You sock the orc!
You kill the orc!
Throw: dart (poison)
Press: ? - help, Shift-Dir - straight line, f/p - orc priest
Aim: an orc priest, wielding a +2 flail of holy wrath (57% to hit)
You throw a poisoned dart. The poisoned dart hits the orc priest.
The orc priest is poisoned.
The orc priest hits you with a +2 flail of holy wrath.
You convulse.
Items here: ))) [[ ††††.
You barely miss the orc priest. Your touch misses the orc priest.
The orc priest is moderately wounded.
The orc priest hits you with a +2 flail of holy wrath.
You convulse.
You hit the orc priest.
The orc priest is heavily wounded.
The orc priest hits you with a +2 flail of holy wrath!
You convulse.
The orc priest hits you with a +2 flail of holy wrath.
You convulse.
* * * LOW HITPOINT WARNING * * *
It was a potion of magic.
Magic courses through your body. Grinder closely misses you.
The orc priest hits you but does no damage.
It was a potion of brilliance.
You feel clever all of a sudden.
The orc priest looks more healthy.
Grinder gestures at you. Pain shoots through your body!
* * * LOW HITPOINT WARNING * * *
The orc priest hits you but does no damage.
It was a potion of flight.
You feel more buoyant. Grinder hits you.
* * * LOW HITPOINT WARNING * * *
The orc priest closely misses you.
It was a potion of might.
You feel very mighty all of a sudden. Grinder hits you.
You die...

####### .......
....... #####
.....!. #...#
....... #...#
....... #...#
......5###...#######
.....(o@............
.(.....###...#######
.............#
....../###...#
....... ##<##
....... ### #######


You could see Grinder and an orc priest.

Vanquished Creatures
  Jessica (D:3)
  Natasha (thrice) (D:3)
  5 adders
  A worm (D:2)
  3 dart slugs
  9 orcs
  6 ball pythons
  6 endoplasms
  6 giant cockroaches
  7 goblins
  8 hobgoblins
  2 jackals (D:3)
  3 kobolds (D:3)
  5 bats
  A frilled lizard (D:2)
  2 rats
68 creatures vanquished.

Vanquished Creatures (others)
  10 withered plants (D:3)
10 creatures vanquished.

Grand Total: 78 creatures vanquished

Notes
Turn   | Place    | Note
-------+----------+-------------------------------------------
     0 | D:1      | IdlyInterested the Demonspawn Reaver began the quest for
                  | the Orb.
     0 | D:1      | Reached XP level 1. HP: 16/16 MP: 3/3
   162 | D:1      | Discovered your monstrous ancestry.
   162 | D:1      | Gained mutation: Your touch may inflict minor irresistible
                  | damage on your foes. [demonic ancestry]
   162 | D:1      | Reached XP level 2. HP: 22/22 MP: 5/5
   285 | D:1      | Reached skill level 1 in Necromancy
   743 | D:2      | Gained mutation: Your touch may inflict irresistible damage
                  | on your foes. [demonic ancestry]
   743 | D:2      | Reached XP level 3. HP: 24/28 MP: 6/6
  1417 | D:3      | Reached skill level 3 in Fighting
  1477 | D:3      | Gained mutation: You have a pair of small antennae on your
                  | head. [demonic ancestry]
  1477 | D:3      | Reached XP level 4. HP: 35/35 MP: 7/7
  1514 | D:3      | Noticed Natasha
  1531 | D:3      | Killed Natasha
  1605 | D:3      | Noticed Natasha
  1611 | D:3      | Killed Natasha
  1740 | D:3      | Gained mutation: You have a small tail. [demonic ancestry]
  1740 | D:3      | Reached XP level 5. HP: 35/42 MP: 8/8
  1791 | D:3      | Noticed Natasha
  1798 | D:3      | Killed Natasha
  1799 | D:3      | Reached skill level 1 in Throwing
  1832 | D:3      | Noticed Jessica
  1840 | D:3      | Killed Jessica
  1841 | D:3      | Reached skill level 4 in Fighting
  1851 | D:3      | Found an ancient bone altar of Kikubaaqudgha.
  2553 | D:4      | Noticed Grinder
  2569 | D:4      | HP: 2/40 [Grinder (6)]
  2570 | D:4      | Slain by Grinder

Illustrated notes

Levels and vault maps discovered:
D:1:      minmay_arrival_solitary_statue, layout_basic
D:2:      layout_rooms, minmay_circle_x
D:3:      layout_loops_corners, kiku_gazebo_garden_becter, corexii_corridor_pit,
          uniq_natasha, uniq_jessica
D:4:      layout_basic, uniq_grinder

Skill      XL: |  1  2  3  4  5 |
---------------+----------------+-----
Maces & Flails | 3 |  3.0
Dodging        | 2 |  2.0
Necromancy     | 1 2 3 |  3.0
Fighting       | 3 4 |  4.4
Throwing       | 1 |  1.8
Spellcasting   | |  2.0
Conjurations   | |  3.0

Action                   |  1- 3 |  4- 6 || total
-------------------------+-------+-------++-------
Melee: Mace              |   103 |       ||   103
       Touch             |    16 |     8 ||    24
       Punch             |     1 |     1 ||     2
       Flail             |    17 |    67 ||    84
       Tailslap          |       |     1 ||     1
Throw: Dart              |       |     9 ||     9
 Cast: Kiss of Death     |       |     2 ||     2
  Use: Scroll            |     6 |       ||     6
       Potion            |     1 |     4 ||     5
Armor: Leather armour    |    46 |    26 ||    72
Dodge: Dodged            |    84 |    41 ||   125

Table legend: (Time is in decaauts)
 A = Elapsed time spent in this place.
 B = Non-inter-level travel time spent in this place.
 C = Inter-level travel time spent in this place.
 D = Time resting spent in this place.
 E = Time spent auto-exploring this place.
 F = Levels seen in this place.
 G = Mean time per level.
                   A        B        C        D        E       F      G
               +--------+--------+--------+--------+--------+-----+--------+
         Total |   2615 |   2409 |    206 |    298 |   1459 |   4 |  653.8 |
       Dungeon |   2615 |   2409 |    206 |    298 |   1459 |   4 |  653.8 |
               +--------+--------+--------+--------+--------+-----+--------+

Top non-repeatable levels by time:
     D:3: 1164 daAuts
     D:2: 765 daAuts
     D:1: 653 daAuts
     D:4: 31 daAuts
